Map: Crimson Court LE

Players

Conundrum

  • Race: Zerg Zerg
  • League: Diamond
  • Spawn Location: 1:00

A.I. 1 (Very Easy) - Winner!

  • Race: Zerg Zerg
  • Spawn Location: 7:00

VOD

Have the link to the VOD?

Description

Time

  • Played on: July 6, 2025, 3:21 p.m.
  • Length: 8:12
Show
View Real Time Build Order
Export as new Build Order

Conundrum Zerg 

Build Orders: Hatch First 

Get SALT Encoding   

  12  0:00  Drone  
  13  0:13  Overlord  
  13  0:17  Drone  
  14  0:31  Drone x2  
  16  0:46  Hatchery  
  15  0:50  Drone  
  15  0:54  Drone  
  17  0:57  Drone  
  18  1:09  Extractor  
  17  1:13  Spawning Pool  
  17  1:15  Drone  
  17  1:20  Drone  
  18  1:29  Drone  
  19  1:43  Drone  
  20  1:50  Overlord  
  20  2:01  Drone x2  
  20  2:03  Queen x2  
  26  2:12  Zergling x4  
  26  2:14  Metabolic Boost  
  28  2:32  Hatchery  
  28  2:36  Drone  
  28  2:42  Drone  
  29  2:46  Queen  
  29  2:50  Overlord  
  31  2:54  Drone  
  31  2:57  Drone  
  33  2:59  Drone  
  33  3:01  Drone  
  33  3:04  Drone  
  36  3:09  Overlord  
  36  3:14  Drone x2  
  36  3:16  Drone  
  36  3:17  Drone  
  41  3:20  Drone  
  41  3:28  Overlord  
  41  3:30  Drone  
  42  3:34  Overlord  
  42  3:35  Drone  
  42  3:36  Drone  
  44  3:42  Drone  
  44  3:44  Queen  
  47  3:54  Drone x2  
  49  3:55  Queen  
  49  3:56  Overlord  
  49  3:59  Drone  
  49  4:00  Drone x3  
  55  4:05  Drone x2  
  55  4:09  Drone x2  
  59  4:24  Drone x4  
  59  4:30  Drone x7  
  70  4:40  Overlord x2  
  70  4:52  Lair, Hatchery  
  69  4:55  Extractor  
  69  4:56  Extractor  
  69  4:58  Extractor x2, Spore Crawler  
  64  5:01  Extractor  
  64  5:03  Spore Crawler, Drone x11  
  64  5:06  Queen, Spore Crawler  
  72  5:08  Queen  
  72  5:10  Drone  
  72  5:12  Drone  
  72  5:13  Drone x2  
  80  5:15  Drone  
  80  5:16  Drone  
  82  5:25  Drone x2  
  82  5:26  Drone x3  
  87  5:42  Queen  
  87  5:44  Spore Crawler  
  87  5:47  Spore Crawler  
  87  5:50  Spore Crawler  
  86  5:58  Spore Crawler  
  86  5:59  Drone x2  
  86  6:00  Spore Crawler  
  86  6:06  Spire  
  86  6:08  Spore Crawler  
  86  6:09  Queen x2, Spore Crawler  
  87  6:14  Drone x15  
  102  6:23  Spore Crawler x2  
  100  6:25  Spore Crawler  
  100  6:28  Drone  
  100  6:29  Drone x2  
  100  6:30  Queen  
  104  6:37  Spore Crawler  
  104  6:39  Drone  
  104  6:40  Overlord x3  
  104  6:42  Spore Crawler  
  103  6:54  Queen  
  103  6:55  Spore Crawler  
  103  6:58  Overlord x4  
  104  7:07  Unknown  
  103  7:08  Drone  
  103  7:09  Drone x2  
  103  7:14  Drone x3  
  109  7:20  Corruptor x7  
  109  7:21  Corruptor x2  
  109  7:22  Corruptor  
  127  7:25  Corruptor  
  127  7:27  Corruptor  
  131  7:39  Infestation Pit  
  131  7:43  Drone x2  
  132  7:45  Hydralisk Den  
Show
View Real Time Build Order
Export as new Build Order

A.I. 1 (Very Easy) Zerg - Winner!

Build Orders: Pool First 

Get SALT Encoding   

  12  0:01  Drone  
  13  0:12  Overlord  
  13  0:16  Drone  
  14  0:35  Spawning Pool  
  13  0:36  Extractor  
  13  0:39  Drone  
  13  0:47  Drone  
  14  0:53  Overlord  
  14  1:22  Zergling x2  
  14  1:23  Queen  
  17  1:34  Roach Warren  
  17  1:36  Extractor  
  17  1:39  Drone  
  16  1:46  Drone  
  17  1:49  Zergling x2  
  18  2:06  Drone  
  19  2:13  Drone  
  19  2:15  Zergling x2  
  21  2:22  Drone  
  22  2:31  Overlord  
  22  2:36  Drone  
  23  2:42  Roach  
  23  2:43  Drone  
  26  2:51  Drone  
  27  4:15  Zergling x2  
  27  7:14  Lair, Roach, Drone  
  27  7:15  Overlord  
  30  7:21  Hatchery, Drone  
  30  7:28  Drone  
  30  7:36  Drone  
  31  7:43  Drone  
  32  7:51  Drone  
  33  7:52  Roach  
Tags
 
Add a new tag
Caveats
  • Supply blocks, unpowered buildings, or Contaminate may cause inaccurate times.
  • Supply counts are checked every 10 seconds.